 Dungeon Crawl Stone Soup version 0.27.1-2-g3b301248ec (webtiles) character file.

Game seed: 12680340248847114526

16 babuloseo the Magician (level 2, 19/19 HPs)
             Began as a Human Hedge Wizard on Sept 24, 2021.
             Was a Follower of Zin.
             Quit the game on level 1 of the Dungeon.
             The game lasted 00:02:05 (863 turns).

babuloseo the Magician (Human Hedge Wizard)          Turns: 863, Time: 00:02:05

Health: 19/19      AC:  2    Str: 10    XL:     2   Next: 75%
Magic:  6/6        EV: 12    Int: 14    God:    Zin [*.....]
Gold:   38         SH:  0    Dex: 12    Spells: 5/8 levels left

rFire    . . .     SeeInvis .   d - +0 spear
rCold    . . .     Faith    .   (no shield)
rNeg     . . .     Spirit   .   b - +0 robe
rPois    .         Reflect  .   c - +0 hat
rElec    .         Harm     .   (no cloak)
rCorr    .         Rampage  .   (no gloves)
Will     .....                  (no boots)
Stlth    ++........             (no amulet)
HPRegen  0.06/turn              (no ring)
MPRegen  0.10/turn              (no ring)

@: no status effects
A: no striking features
a: Renounce Religion, Recite, Donate Gold


You were on level 1 of the Dungeon.
You worshipped Zin.
Zin was aware of your devotion.
You visited 1 branch of the dungeon, and saw 1 of its levels.

You collected 42 gold pieces.
You donated 4 gold pieces to Zin.

Inventory:

Hand Weapons
 a - a +0 dagger
 d - a +0 spear (weapon)
Armour
 b - a +0 robe (worn)
 c - a +0 hat (worn)
Scrolls
 e - a scroll of magic mapping {unknown}


   Skills:
 - Level 2.0 Dodging
 - Level 2.0 Stealth
 + Level 3.6 Spellcasting
 * Level 1.2 Conjurations
 - Level 1.0 Summonings
 - Level 1.0 Translocations


You had 5 spell levels left.
You knew the following spells:

 Your Spells              Type           Power      Damage    Failure   Level
a - Magic Dart            Conj           24%        1d4       12%         1
b - Call Imp              Summ           5%         N/A       21%         2

Your spell library contained the following spells:

 Spells                   Type           Power      Damage    Failure   Level
 Blink                    Tloc           N/A        N/A       21%         2
 Slow                     Hex            2%         N/A       30%         2
 Conjure Flame            Conj/Fire      4%         6-21      43%         3
 Mephitic Cloud           Conj/Pois/Air  3%         N/A       45%         3


Dungeon Overview and Level Annotations

Branches:
Dungeon (1/15)

Altars:
Zin


Message History

Casting: Magic Dart (safe; 12% risk of failure)
Confirm with . or Enter, or press ? or * to list all spells.
Aiming: Magic Dart (safe; 12% risk of failure)
Press: ? - help, Shift-Dir - straight line, f - rat
Aim: a rat (100% to hit)
The magic dart hits the rat.
You kill the rat!
Unknown command.
You start resting.
An endoplasm comes into view.
There is a faded altar of an unknown god here.
You aren't carrying any pieces of jewellery.
Unknown command.
Press < or > to pray at altars.
You cannot tell which god this altar belongs to.
Convert to them anyway?
Zin accepts your prayer! Zin welcomes you!
You pay a tithe of 4 gold.
You can now donate money to Zin.
You can now recite Zin's Axioms of Law.
Magic restored.
Unknown command.
The endoplasm quivers.
You reach to attack!
You hit the endoplasm.
The endoplasm is heavily wounded.
You hit the endoplasm.
The endoplasm is severely wounded.
The endoplasm barely misses you.
An endoplasm is nearby!
You hit the endoplasm.
You kill the endoplasm!
Things that are here:
a +0 club; a rat corpse No target in view!
Key pressed, stopping explore.
No target in view!
Key pressed, stopping explore.
No target in view!
A rat comes into view.
A rat is nearby!
Are you sure you want to abandon this character and quit the game? (Confirm with "yes".)

#.# #.# #.# #.#
#######.######.#
#..............#
#.#####.########
#.# #.#
##############.#
.....r.@.......#
################


You could see a rat.

Vanquished Creatures
  3 endoplasms (D:1)
  A goblin (D:1)
  A hobgoblin (D:1)
  4 bats (D:1)
  2 kobolds (D:1)
  2 rats (D:1)
13 creatures vanquished.

Vanquished Creatures (collateral kills)
  A ball python (D:1)
  A rat (D:1)
2 creatures vanquished.

Grand Total: 15 creatures vanquished

Notes
Turn   | Place    | Note
-------+----------+-------------------------------------------
     0 | D:1      | babuloseo the Human Hedge Wizard began the quest for the
                  | Orb.
     0 | D:1      | Reached XP level 1. HP: 13/13 MP: 4/4
   466 | D:1      | Reached XP level 2. HP: 14/19 MP: 1/6
   517 | D:1      | Learned a level 2 spell: Call Imp
   603 | D:1      | Found a faded altar of an unknown god.
   742 | D:1      | Became a worshipper of Zin the Law-Giver
   742 | D:1      | Reached * piety under Zin
   863 | D:1      | Quit the game

Illustrated notes

Levels and vault maps discovered:
D:1:      minmay_arrival_split_and_join, layout_loops_ring,
          shapermc_ecumenical_altar_starsandcircs

Action                   || total
-------------------------++-------
Melee: Spear             ||    30
 Cast: Magic Dart        ||    11
       Call Imp          ||     3
Armor: Robe              ||    13
Dodge: Dodged            ||    20
